 Dungeon Crawl Stone Soup version 0.31-a0-881-ge136f0c47a (webtiles) character file.

Game seed: 18126920562301028681

1571 Spaninq the Carver (level 8, 0/65 HPs)
             Began as a Barachi Fighter on Oct 15, 2023.
             Was a Believer of Cheibriados.
             Slain by a gnoll sergeant
             ... wielding the +10 spear "Waath" {elec, rC- Str+3 Int+4 Dex+3}
              (7 damage)
             ... on level 6 of the Dungeon.
             The game lasted 00:16:32 (4726 turns).

Spaninq the Carver (Barachi Fighter)                Turns: 4726, Time: 00:16:33

Health: 0/65       AC: 13    Str: 24    XL:     8   Next: 90%
Magic:  8/8        EV: 13    Int: 14    God:    Cheibriados [**....]
Gold:   329        SH:  6    Dex: 20    Spells: 7/7 levels left

rFire   . . .        a - +0 long sword (flame)
rCold   . . .        c - +0 buckler
rNeg    . . .        n - +0 plate armour
rPois   +            (no helmet)
rElec   .            (no cloak)
rCorr   .            (no gloves)
SInv    .            (no boots)
Will    .....        (no amulet) Stlth
                     i - ring of poison resistance
HPRegen 0.30/turn    y - +5 ring of evasion
MPRegen 0.11/turn

%: no passive effects
@: mighty, weakened, very slow
A: amphibious, slowness 1, strong legs 1, +LOS
a: Hop, Renounce Religion, Bend Time


You were on level 6 of the Dungeon.
You worshipped Cheibriados.
Cheibriados was pleased with you.
You visited 2 branches of the dungeon, and saw 7 of its levels.

You collected 329 gold pieces.

Inventory:

Hand Weapons
 a - a +0 long sword of flaming (weapon)
Armour
 c - a +0 buckler (worn)
 n - a +0 plate armour (worn)
 r - a +0 kite shield
Jewellery
 i - a ring of poison resistance (left hand)
 q - a ring of protection from fire
 y - a +5 ring of evasion (right hand)
Wands
 b - a wand of paralysis (5)
 o - a wand of flame (39)
 u - a wand of roots (6)
 A - a wand of acid (13)
Scrolls
 f - 3 scrolls of amnesia {unknown}
 k - 2 scrolls of poison {unknown}
 p - 2 scrolls of enchant armour {unknown}
 s - 2 scrolls of teleportation {unknown}
 t - 2 scrolls of enchant weapon {unknown}
 w - a scroll of butterflies {unknown}
Potions
 d - 3 potions of might
 e - a potion of resistance
 g - 2 potions of attraction
 h - a potion of lignification {unknown}
 j - 2 potions of cancellation {unknown}
 l - a potion of magic {unknown}
 v - a potion of degeneration {unknown}
 x - a potion of ambrosia {unknown}
 z - a potion of berserk rage {unknown}
 B - 2 potions of brilliance {unknown}


   Skills:
 + Level 6.9 Fighting
 * Level 8.7 Long Blades
 + Level 7.0 Armour
 + Level 2.8 Dodging
 - Level 5.0 Shields


You had 7 spell levels left.
You didn't know any spells.
Your spell library contained the following spells:

 Spells                   Type           Power      Damage    Failure   Level
 Magic Dart               Conj           0%         1d3       99%         1
 Call Imp                 Summ           0%         N/A       100%        2
 Searing Ray              Conj           0%         2d4       100%        2
 Mephitic Cloud           Conj/Pois/Air  0%         N/A       100%        3
 Ozocubu's Armour         Ice            0%         N/A       100%        3
 Fulminant Prism          Conj/Hex       0%         3d5       100%        4
 Ozocubu's Refrigeration  Ice            0%         4d7       100%        7


Dungeon Overview and Level Annotations

Branches:
Dungeon (6/15)             Temple (1/1) D:4

Altars:
Ashenzari
Cheibriados
Dithmenos
Elyvilon
Fedhas
Hepliaklqana
Kikubaaqudgha
Makhleb
Okawaru
Qazlal
Ru
Sif Muna
Trog
Uskayaw
Vehumet
Wu Jian
Xom
Yredelemnul
Zin
The Shining One

Annotations:
D:6 1 transporter, relicbr's ghost, weakling SpWn


Innate Abilities, Weirdness & Mutations

You are amphibious.
You cover ground slowly.
You can hop short distances.
You have an extended range of vision and can be seen from far away.


Message History

The gnoll barely misses you. Relicbr's ghost closely misses you.
The gnoll bouda gazes fiercely through you!
You feel your attacks grow feeble. Relicbr's ghost barely misses you.
The gnoll attacks as it pursues you! The gnoll closely misses you.
Relicbr's ghost barely misses you.
Your transformation is almost over.
Relicbr's ghost attacks as it pursues you!
Relicbr's ghost completely misses you.
The gnoll hits you from afar with a +1 halberd of electrocution.
* * * LOW HITPOINT WARNING * * *
Relicbr's ghost hits you.
* * * LOW HITPOINT WARNING * * *
You hit relicbr's ghost.
Relicbr's ghost is moderately damaged.
Your attacks no longer feel as feeble.
Relicbr's ghost barely misses you.
The gnoll sergeant is no longer moving quickly.
You barely miss relicbr's ghost.
Relicbr's ghost is moderately damaged.
Relicbr's ghost hits you!
* * * LOW HITPOINT WARNING * * *
Relicbr's ghost closely misses you.
The gnoll bouda barks out a call to the hunt!
The gnoll sergeant picks up the pace!
You feel less porcine.
Your +0 long sword of flaming unmelds from your body.
Your +0 buckler unmelds from your body.
Your +0 plate armour unmelds from your body.
Your ring of poison resistance unmelds from your body.
Your +5 ring of evasion unmelds from your body.
Your +0 long sword of flaming bursts into flame!
The gnoll bouda gazes fiercely through you!
You feel your attacks grow feeble.
Okay, then.
Okay, then.
You feel very mighty all of a sudden. Relicbr's ghost barely misses you.
The gnoll sergeant hits you from afar with the +10 spear "Waath" {elec, rC- Str+3 Int+4 Dex+3}!
You die...

.................################
########.........................
####.......≈≈≈≈≈≈≈≈≈≈≈...≈≈≈≈≈≈≈≈
.......#...≈≈≈≈≈≈≈≈≈≈≈...≈≈≈≈≈≈≈≈
.......##..≈≈#####...........####
........##.≈≈#.8.#.###.©.###.#g8.
........##.≈≈#.?.###©#####.###...
.####......≈≈###.Wg..gg..).....##
..........(≈≈[8#@######'###'##.#8
.###..####.≈≈.##.#.?.#8gg#..P#.##
...........~~.#..'..:#⌠©.....'..#
.###..####.≈≈.##.#...#8).#...#.##
.###.......≈≈.8#.######'###'##.#8
.....##....≈≈###.........g.....##
#....##....≈≈#...###.#####g###..g
......#....≈≈#.8.#.###.©.###.#.8.
...........≈≈#####...........####


You could see a gnoll sergeant (swift), a gnoll bouda, relicbr's ghost and a
gnoll (swift).

Vanquished Creatures
  Grinder (D:3)
  A steam dragon (D:6)
  A water moccasin (D:5)
  3 ogres (D:5)
  Blork the orc (D:4)
  3 scorpions
  A howler monkey (D:5)
  3 jellies
  A hound (D:5)
  3 orc priests
  An iguana (D:6)
  Terence (D:3)
  3 orc wizards
  7 gnolls
  7 adders
  3 worms
  2 dart slugs
  29 orcs
  8 ball pythons
  6 bats
  8 endoplasms
  6 giant cockroaches
  7 goblins
  5 hobgoblins
  3 jackals (D:4)
  7 kobolds
  5 quokkas
  4 frilled lizards
  9 rats
139 creatures vanquished.

Notes
Turn   | Place    | Note
-------+----------+-------------------------------------------
     0 | D:1      | Spaninq the Barachi Fighter began the quest for the Orb.
     0 | D:1      | Reached XP level 1. HP: 18/18 MP: 1/1
   169 | D:1      | Reached XP level 2. HP: 25/25 MP: 2/2
   186 | D:1      | Reached skill level 3 in Long Blades
   341 | D:1      | Reached XP level 3. HP: 30/30 MP: 3/3
  1038 | D:2      | Reached XP level 4. HP: 26/37 MP: 4/4
  1043 | D:2      | Reached skill level 4 in Long Blades
  1494 | D:3      | Noticed Grinder
  1631 | D:3      | Reached XP level 5. HP: 30/43 MP: 5/5
  1684 | D:3      | Noticed Terence
  1709 | D:3      | Killed Terence
  1762 | D:3      | Paralysed by Grinder for 4 turns
  1965 | D:3      | Reached XP level 6. HP: 47/49 MP: 6/6
  1972 | D:3      | Found a hide-covered altar of Uskayaw.
  1993 | D:3      | Reached skill level 5 in Long Blades
  2103 | D:3      | Found a shimmering altar of Xom.
  2103 | D:3      | Found a hazy altar of Hepliaklqana.
  2107 | D:3      | Found a broken altar of Ashenzari.
  2113 | D:3      | Found a bloodstained altar of Trog.
  2114 | D:3      | Found a burning altar of Makhleb.
  2118 | D:3      | Found a snail-covered altar of Cheibriados.
  2122 | D:3      | Found an iron altar of Okawaru.
  2124 | D:3      | Became a worshipper of Cheibriados the Contemplative
  2342 | D:3      | Killed Grinder
  2343 | D:3      | Reached skill level 5 in Fighting
  2343 | D:3      | Reached skill level 5 in Armour
  2343 | D:3      | Reached XP level 7. HP: 42/56 MP: 7/7
  2475 | D:4      | Reached * piety under Cheibriados
  2518 | D:4      | Reached skill level 6 in Long Blades
  2566 | D:4      | Found an ornate altar of the Wu Jian Council.
  2680 | D:4      | Reached skill level 5 in Shields
  2966 | D:4      | Found a staircase to the Ecumenical Temple.
  3315 | D:4      | Found a sacrificial altar of Ru.
  3359 | Temple   | Entered the Ecumenical Temple
  3376 | D:5      | Entered Level 5 of the Dungeon
  3456 | D:5      | Reached ** piety under Cheibriados
  3634 | D:5      | Reached skill level 7 in Long Blades
  3807 | D:5      | Reached XP level 8. HP: 63/64 MP: 8/8
  3845 | D:5      | Noticed Blork the orc
  3852 | D:5      | Reached skill level 1 in Dodging
  3873 | D:4      | Killed Blork the orc
  4244 | D:5      | Reached skill level 8 in Long Blades
  4578 | D:6      | Identified the +10 spear "Waath" {elec, rC- Str+3 Int+4
                  | Dex+3}
  4578 | D:6      | Identified the +5 ring mail of Bapenk {Slay+2}
  4578 | D:6      | Identified the +4 kite shield "Tok Qeik" {rPois rC+}
  4616 | D:6      | Found a transporter.
  4625 | D:6      | Found a transporter.
  4626 | D:6      | Noticed relicbr's ghost (weakling SpWn)
  4726 | D:6      | Slain by a gnoll sergeant

Illustrated notes

Levels and vault maps discovered:
D:1:      eino_arrival_tree_alley, layout_basic
D:2:      cheibrodos_pilgrimage, layout_basic, minmay_misc_feat_diagonals
D:3:      layout_rooms, mainiacjoe_overflow_small_starburst,
          nicolae_overflow_hallway_of_the_gods, uniq_grinder, uniq_terence
D:4:      layout_loops_ring, mainiacjoe_overflow_swirl, temple_statues,
          minivault_26
D:5:      cheibrodos_iron_armory, layout_basic, uniq_blork_the_orc
D:6:      layout_loops_ring, gammafunk_ghost_gnarly_gnolls, feat_on_display
Temple:   nicolae_temple_bog_church

Skill      XL: |  1  2  3  4  5  6  7  8 |
---------------+-------------------------+-----
Long Blades    | 3 4 5 7 8 |  8.7
Armour         | 4 5 6 7 |  7.0
Fighting       | 4 5 6 |  6.9
Shields        | 4 5 |  5.0
Dodging        | 2 |  2.8

Action                     |  1- 3 |  4- 6 |  7- 9 || total
---------------------------+-------+-------+-------++-------
  Melee: Long sword        |   134 |   128 |   219 ||   481
         Unarmed           |       |       |     9 ||     9
Ability: Hop               |     1 |       |       ||     1
    Use: Scroll            |       |       |     5 ||     5
         Potion            |       |       |     3 ||     3
 Armour: Scale mail        |    73 |    12 |       ||    85
         Plate armour      |       |   107 |   172 ||   279
         Skin              |       |       |     8 ||     8
  Dodge: Dodged            |    66 |    25 |    75 ||   166
  Block: Buckler           |    23 |    32 |    57 ||   112

Table legend: (Time is in decaauts)
 A = Elapsed time spent in this place.
 B = Non-inter-level travel time spent in this place.
 C = Inter-level travel time spent in this place.
 D = Time resting spent in this place.
 E = Time spent auto-exploring this place.
 F = Levels seen in this place.
 G = Mean time per level.
                   A        B        C        D        E       F      G
               +--------+--------+--------+--------+--------+-----+--------+
         Total |   6141 |   5817 |    324 |     95 |   4240 |   7 |  877.3 |
       Dungeon |   6139 |   5815 |    324 |     95 |   4240 |   6 | 1023.2 |
        Temple |      1 |      1 |      0 |      0 |      0 |   1 |    1.0 |
               +--------+--------+--------+--------+--------+-----+--------+

Top non-repeatable levels by time:
     D:4: 1386 daAuts
     D:5: 1135 daAuts
     D:2: 1046 daAuts
     D:3: 967 daAuts
     D:1: 821 daAuts
     D:6: 782 daAuts
  Temple: 1 daAuts
